 Dungeon Crawl Stone Soup version 0.24-a0-441-g27f0392e16 (webtiles) character file.

Game seed: 9532388849351433438

182 Gynju the Cudgeler (level 5, -3/45 HPs)
             Began as a Minotaur Fighter on June 17, 2019.
             Slain by an ogre
             ... wielding a +0 giant club
              (5 damage)
             ... on level 4 of the Dungeon on June 19, 2019.
             The game lasted 00:05:21 (3341 turns).

Gynju the Cudgeler (Minotaur Fighter)               Turns: 3341, Time: 00:05:21

Health: -3/45      AC:  6    Str: 22    XL:     5   Next: 35%
Magic:  4/4        EV:  7    Int:  5    God:
Gold:   173        SH:  9    Dex:  9    Spells: 4/4 levels left

rFire    . . .     SeeInvis .   a - +0 flail
rCold    . . .     Gourm    .   c - +0 shield
rNeg     . . .     Faith    .   b - +0 scale mail
rPois    .         Spirit   .   (helmet restricted)
rElec    .         Reflect  .   (no cloak)
rCorr    .         Harm     .   (no gloves)
MR       .....                  (no boots)
Stlth    ..........             (no amulet)
HPRegen  0.15/turn              (no ring)
MPRegen  0.09/turn              (no ring)

@: lethally poisoned (-3 -> -10)
A: retaliatory headbutt, horns 2
a: no special abilities


You were on level 4 of the Dungeon.
You were not hungry.

You visited 1 branch of the dungeon, and saw 4 of its levels.

You collected 173 gold pieces.

Inventory:

Hand Weapons
 a - a +0 flail (weapon)
Missiles
 g - 159 stones (quivered)
Armour
 b - a +0 scale mail (worn)
 c - a +0 shield (worn)
Wands
 n - a wand of flame (19)
Scrolls
 e - 2 scrolls of enchant weapon {unknown}
 h - a scroll of teleportation {unknown}
 j - a scroll of fear {unknown}
 k - a scroll of enchant armour {unknown}
 m - 3 scrolls of identify {unknown}
 o - a scroll of fog {unknown}
 r - a scroll of immolation {unknown}
 s - a scroll of blinking {unknown}
 u - a scroll of remove curse {unknown}
Potions
 d - a potion of might
 i - a potion of curing {unknown}
 l - a potion of cancellation {unknown}
 p - a potion of agility {unknown}
 q - 3 potions of lignification {unknown}
 t - a potion of haste {unknown}
 v - a potion of brilliance {unknown}
Comestibles
 f - 4 rations
 w - 2 chunks of flesh


   Skills:
 - Level 3.6 Fighting
 + Level 6.8 Maces & Flails
 - Level 3.6 Armour
 - Level 3.6 Shields


You had 4 spell levels left.
You didn't know any spells.
Your spell library was empty.

Dungeon Overview and Level Annotations

Branches:
Dungeon (4/15)
 Temple: D:4-7

Altars:
Dithmenos
Vehumet


Innate Abilities, Weirdness & Mutations

You reflexively headbutt those who attack you in melee.
You have a pair of horns on your head.


Message History

You are too injured to fight recklessly!
You are too injured to fight recklessly!
You are too injured to fight recklessly!
You are too injured to fight recklessly!
Your shield prevents you from hitting the ogre.
Your headbutt misses the ogre.
The ogre is moderately wounded.
You block the ogre's attack. You block the worker ant's attack.
You hit the ogre. You headbutt the ogre!
The ogre is almost dead.
The ogre hits you with a +0 giant club!
* * * LOW HITPOINT WARNING * * *
The worker ant bites you but does no damage.
You hit the ogre.
The ogre is almost dead.
The worker ant bites you.
* * * LOW HITPOINT WARNING * * *
You are lethally poisoned!
The worker ant poisons you! The ogre hits you with a +0 giant club.
You die...

#............#
#............########
#....................
#............########
#............#
#............#
#............#
#....(.......#
####@#########
#...Oa.......
#............
#............
#...........#
#......?....#
............#
....##........


You could see an ogre and a worker ant.

Vanquished Creatures
  Jessica (D:2)
  3 adders
  3 oozes (D:1)
  4 worms
  4 dart slugs
  5 leopard geckos
  7 orcs
  A giant cockroach (D:2)
  5 goblins
  9 hobgoblins
  7 jackals
  9 kobolds
  A quokka (D:2)
  4 ball pythons
  7 bats
  2 frilled lizards (D:2)
  8 rats
80 creatures vanquished.

Vanquished Creatures (others)
  A goblin (D:2)
1 creature vanquished.

Grand Total: 81 creatures vanquished

Notes
Turn   | Place    | Note
-------+----------+-------------------------------------------
     0 | D:1      | Gynju the Minotaur Fighter began the quest for the Orb.
     0 | D:1      | Reached XP level 1. HP: 19/19 MP: 0/0
     0 | D:1      | Upgraded the game from 0.24-a0-434-gd57e52fea8 to
                  | 0.24-a0-441-g27f0392e16
    40 | D:1      | Reached skill level 3 in Maces & Flails
    40 | D:1      | Reached XP level 2. HP: 22/26 MP: 1/1
   101 | D:1      | Reached skill level 4 in Maces & Flails
   425 | D:1      | Reached XP level 3. HP: 31/31 MP: 2/2
  1145 | D:2      | Reached skill level 5 in Maces & Flails
  1181 | D:2      | Noticed Jessica
  1186 | D:2      | Killed Jessica
  1186 | D:2      | Reached XP level 4. HP: 34/39 MP: 3/3
  1519 | D:2      | Found a radiant altar of Vehumet.
  1668 | D:2      | Reached skill level 6 in Maces & Flails
  1950 | D:2      | Reached XP level 5. HP: 34/45 MP: 4/4
  2948 | D:3      | Found a faded altar of an unknown god.
  3104 | D:3      | Found a shadowy altar of Dithmenos.
  3333 | D:4      | Noticed an ogre
  3341 | D:4      | HP: 2/45 [worker ant (3)]
  3341 | D:4      | Slain by an ogre

Levels and vault maps discovered:
D:1:      erik_arrival_gehennom, layout_basic
D:2:      layout_rooms, fiery_altar_vehumet, uniq_jessica
D:3:      layout_basic, lemuel_round_altar, chequers_ecumenical_altar_simple
D:4:      minmay_chambers_of_threes, layout_basic, zin_scriptorium,
          first_ration, uniq_pikel, uniq_natasha

Skill      XL: |  1  2  3  4 |
---------------+-------------+-----
Maces & Flails | 3 4 5 6 |  6.8
Fighting       | |  3.6
Armour         | |  3.6
Shields        | |  3.6

Action                   |  1- 3 |  4- 6 || total
-------------------------+-------+-------++-------
Melee: Flail             |   101 |   134 ||   235
       Headbutt          |    15 |    18 ||    33
Throw: Stone             |       |     1 ||     1
  Use: Potion            |       |     1 ||     1
  Eat: Chunk             |     1 |     7 ||     8
Armor: Scale mail        |    43 |    54 ||    97
Dodge: Dodged            |    21 |    43 ||    64
Block: Shield            |    71 |    69 ||   140

Table legend:
 A = Non-vault XP
 B = Vault XP
 C = Vault XP percentage of total XP
 D = Non-vault monster count
 E = Vault monster count
 F = Vault count percentage of total count
                 A         B        C        D         E       F
            +---------+---------+-------+---------+---------+-------
      Total |     205 |      56 |  21.5 |      74 |       6 |   7.5
            +---------+---------+-------+---------+---------+-------
        D:1 |      41 |      19 |  31.7 |      19 |       5 |  20.8
        D:2 |      79 |      37 |  31.9 |      28 |       1 |   3.4
        D:3 |      85 |       0 |   0.0 |      27 |       0 |   0.0
            +---------+---------+-------+---------+---------+-------
